 Dungeon Crawl Stone Soup version 0.29-a0-668-g12ee2bf84d (webtiles) character file.

Game seed: 6890662980075455998

550810 buhh the Imperceptible (level 27, -4/148 HPs)
             Began as a Kobold Hunter on June 23, 2022.
             Was the Champion of Hepliaklqana.
             Splashed by an acid blob's acid (10 damage)
             ... created by the Royal Jelly
             ... on level 5 of the Pits of Slime on June 24, 2022.
             The game lasted 03:58:53 (81736 turns).

buhh the Imperceptible (Kobold Hunter)             Turns: 81736, Time: 03:58:53

Health: -4/148     AC:  6    Str: 10    XL:     27
Magic:  0/59       EV: 40    Int: 33    God:    Hepliaklqana [******]
Gold:   3798       SH:  0    Dex: 31    Spells: 2/52 levels left

rFire   . . .      SeeInvis +   S - +10 arbalest "Lifebane" {flame, Fly rElec rPois rN++}
rCold   + + .      Faith    .   (shield currently unavailable)
rNeg    + + .      Spirit   .   W - +2 robe {Archmagi}
rPois   +          Reflect  .   o - +3 hat of Pondering {ponderous, Will+ MP+10 Int+5}
rElec   +          Harm     .   d - +2 cloak {Stlth+}
rCorr   .          Rampage  .   n - +2 pair of gloves {Dex+3}
Will    ++++.      Archmagi +   g - +2 pair of boots Stlth **++++++++
                                q - amulet "Arouviosk" {Acrobat MP+9 Int+3 Dex+6}
HPRegen 0.34/turn               m - ring "Neipt" {Will+ SInv}
MPRegen 0.36/turn               z - ring "Yler" {rC++ Str+2 Int+6}

@: engulfed (cannot breathe), corroded, flying, studying Short Blades,
invisible, unable to read, slow
A: reduced essence, small, no large weapons, nightstalker 3, weak 1, subdued
magic 1, inability to read while threatened
}: 3/15 runes: barnacled, silver, gossamer
a: Renounce Religion, Recall Ancestor, Ancestor Identity, Transference, Idealise


You were on level 5 of the Pits of Slime.
You worshipped Hepliaklqana.
Hepliaklqana was exalted by your worship.
You visited 11 branches of the dungeon, and saw 52 of its levels.
You visited 1 bazaar.
You also visited: Bailey, Volcano and Desolation.

You collected 12313 gold pieces.
You spent 8515 gold pieces at shops.

Inventory:

Hand Weapons
 S - the +10 arbalest "Lifebane" (weapon) {flame, Fly rElec rPois rN++}
   (You found it on level 14 of the Dungeon)

   Any ammunition fired from it burns those it strikes, dealing additional fire
   damage.
   rElec:     It insulates you from electricity.
   rPois:     It protects you from poison.
   rN:        It greatly protects you from negative energy.
   Fly:       It grants you flight.
Missiles
 l - 8 throwing nets {!f}
Armour
 d - a +2 cloak of stealth (worn)
 g - a +2 pair of boots (worn)
 n - a +2 pair of gloves of dexterity (worn)
 o - the +3 hat of Pondering (worn) {ponderous, Will+ MP+10 Int+5}
   (You took it off Gastronok on level 1 of the Orcish Mines)

   Int:       It affects your intelligence (+5).
   MP:        It affects your magic capacity (+10).
   Will:      It increases your willpower.
 E - a +4 troll leather armour {Snorg}
 I - the +3 shadow dragon scales of Repulsion {rF+ Str+3 Int-2 Stlth++++}
   (You bought it in a shop on level 3 of the Elven Halls)

   Str:       It affects your strength (+3).
   Int:       It affects your intelligence (-2).
   rF:        It protects you from fire.
   Stlth:     It makes you much more stealthy.
 W - a +2 robe of the Archmagi (worn)
Jewellery
 j - a +4 ring of protection
 k - a ring of protection from cold
 m - the ring "Neipt" (left hand) {Will+ SInv}
   (You found it on level 1 of the Shoals)

   [ring of willpower]

   SInv:      It lets you see invisible.
   Will:      It increases your willpower.
 q - the amulet "Arouviosk" (around neck) {Acrobat MP+9 Int+3 Dex+6}
   (You bought it in a shop on level 2 of the Orcish Mines)

   [amulet of the acrobat]

   It increases your evasion while moving and waiting.
   Int:       It affects your intelligence (+3).
   Dex:       It affects your dexterity (+6).
   MP:        It affects your magic capacity (+9).
 s - the ring "Doren" {rPois rC- MP+9 Dex+6}
   (You bought it in a shop on level 2 of the Vaults)

   [ring of magical power]

   Dex:       It affects your dexterity (+6).
   rC:        It makes you vulnerable to cold.
   rPois:     It protects you from poison.
   MP:        It affects your magic capacity (+9).
 w - a ring of resist corrosion
 x - a ring of protection from fire
 z - the ring "Yler" (right hand) {rC++ Str+2 Int+6}
   (You found it in the Desolation of Salt)

   [ring of intelligence]

   Str:       It affects your strength (+2).
   Int:       It affects your intelligence (+6).
   rC:        It greatly protects you from cold.
Wands
 u - a wand of polymorph (18)
 v - a wand of digging (34)
 y - a wand of mindburst (13)
 A - a wand of iceblast (33)
 D - a wand of acid (17)
 G - a wand of paralysis (14)
 Y - a wand of flame (37)
Scrolls
 a - 5 scrolls of summoning
 c - 5 scrolls of blinking {!d}
 i - 2 scrolls of fear {!r}
 p - 7 scrolls of brand weapon
 r - 2 scrolls of silence {!r}
 t - 18 scrolls of teleportation {!d}
 C - 8 scrolls of poison
 F - 8 scrolls of enchant weapon
 P - 2 scrolls of magic mapping {!r!d}
 Q - 5 scrolls of fog
 T - 9 scrolls of immolation {!d}
 X - a scroll of amnesia
 Z - 2 scrolls of enchant armour
Potions
 f - 4 potions of might
 h - 6 potions of berserk rage {!q}
 B - 11 potions of ambrosia {!q!d}
 H - 2 potions of invisibility {!q!d}
 J - 5 potions of magic {!q!d}
 K - 7 potions of brilliance {!q!d}
 L - 2 potions of resistance {!q!d}
 M - a potion of heal wounds {!q!d}
 N - 18 potions of curing {!q!d}
 O - 3 potions of haste {!q!d}
 U - 9 potions of mutation {!d}
 V - 4 potions of cancellation {!q!d}
Miscellaneous
 b - a phial of floods
 e - a phantom mirror
 R - a box of beasts


   Skills:
 - Level 15.0 Fighting
 - Level 20.0 Crossbows
 - Level 13.0 Armour
 - Level 20.0 Dodging
 - Level 24.0 Stealth
 - Level 6.0 Shields
 - Level 13.0 Spellcasting
 - Level 20.4 Hexes
 - Level 8.0 Necromancy
 * Level 16.4 Translocations
 - Level 8.0 Earth Magic
 - Level 10.0 Invocations
 - Level 15.0 Evocations


You had 2 spell levels left.
You knew the following spells:

 Your Spells              Type           Power      Damage    Failure   Level
a - Blink                 Tloc           100%       N/A       0%          2
b - Cause Fear            Hex            55%        N/A       0%          4
c - Enfeeble              Hex            55%        N/A       1%          7
d - Discord               Hex            55%        N/A       2%          8
e - Teleport Other        Tloc           99%        N/A       0%          3
f - Disjunction           Tloc           49%        N/A       13%         8
g - Portal Projectile     Hex/Tloc       100%       N/A       0%          3
i - Passage of Golubria   Tloc           99%        N/A       0%          4
j - Dispersal             Tloc           49%        N/A       1%          6
k - Borgnjor's Vile Clut  Necr/Erth      35%        N/A       1%          5

Your spell library contained the following spells:

 Spells                   Type           Power      Damage    Failure   Level
 Apportation              Tloc           100%       N/A       0%          1
 Slow                     Hex            100%       N/A       0%          1
 Foxfire                  Conj/Fire      96%        2x1d8     1%          1
 Magic Dart               Conj           96%        1d7       1%          1
 Necrotize                Necr           100%       1d9       1%          1
 Sandblast                Erth           100%       2d20      1%          1
 Sting                    Tmut/Pois      96%        1d7       1%          1
 Summon Small Mammal      Summ           96%        N/A       1%          1
 Ensorcelled Hibernation  Hex/Ice        100%       N/A       1%          2
 Passwall                 Tmut/Erth      44%        N/A       1%          2
 Sublimation of Blood     Necr           71%        N/A       1%          2
 Call Imp                 Summ           24%        N/A       2%          2
 Poisonous Vapours        Pois/Air       48%        N/A       2%          2
 Static Discharge         Conj/Air       24%        N/A       2%          2
 Wereblood                Tmut           24%        N/A       2%          2
 Confusing Touch          Hex            100%       N/A       0%          3
 Gell's Gravitas          Tloc           99%        N/A       0%          3
 Lesser Beckoning         Tloc           99%        N/A       0%          3
 Tukima's Dance           Hex            100%       N/A       0%          3
 Dazzling Flash           Conj/Hex       100%       N/A       1%          3
 Inner Flame              Hex/Fire       80%        N/A       1%          3
 Stone Arrow              Conj/Erth      100%       3d13      1%          3
 Summon Guardian Golem    Hex/Summ       80%        N/A       1%          3
 Anguish                  Hex/Necr       46%        N/A       1%          4
 Animate Dead             Necr           71%        N/A       1%          4
 Fulminant Prism          Conj/Hex       40%        3d20      1%          4
 Iskenderun's Mystic Bla  Conj/Tloc      72%        2d15      1%          4
 Agony                    Necr           71%        N/A       1%          5
 Manifold Assault         Tloc           99%        N/A       1%          5
 Silence                  Hex/Air        40%        N/A       1%          5
 Summon Mana Viper        Hex/Summ       80%        N/A       1%          5
 Yara's Violent Unravell  Hex/Tmut       40%        3d16      1%          5
 Call Canine Familiar     Summ           24%        N/A       4%          3
 Conjure Flame            Conj/Fire      24%        6-21      4%          3
 Frozen Ramparts          Ice            48%        1d6       4%          3
 Ignite Poison            Fire/Tmut/Pois 24%        N/A       4%          3
 Mephitic Cloud           Conj/Pois/Air  24%        N/A       4%          3
 Ozocubu's Armour         Ice            24%        N/A       4%          3
 Spider Form              Tmut/Pois      24%        N/A       4%          3
 Swiftness                Air            24%        N/A       4%          3
 Corpse Rot               Necr/Pois/Air  45%        N/A       5%          4
 Death Channel            Necr           35%        N/A       10%         6
 Flame Wave               Conj/Fire      24%        2d7       17%         4
 Hailstorm                Conj/Ice       24%        3d7       17%         4
 Ice Form                 Ice/Tmut       24%        N/A       17%         4
 Olgreb's Toxic Radiance  Pois           24%        N/A       17%         4
 Summon Ice Beast         Ice/Summ       24%        N/A       17%         4
 Blade Hands              Tmut           12%        N/A       45%         5
 Fireball                 Conj/Fire      12%        3d7       45%         5
 Freezing Cloud           Conj/Ice/Air   12%        6-21      45%         5
 Irradiate                Conj/Tmut      12%        3d17      45%         5
 Lightning Bolt           Conj/Air       12%        1d25      45%         5
 Simulacrum               Ice/Necr       26%        N/A       47%         6
 Conjure Ball Lightning   Conj/Air       12%        3x3d6     96%         6
 Starburst                Conj/Fire      12%        6d5       96%         6
 Dragon Form              Tmut           12%        N/A       100%        7
 Orb of Destruction       Conj           12%        9d7       100%        7
 Summon Hydra             Summ           12%        N/A       100%        7
 Ignition                 Fire           12%        3d6       100%        8
 Maxwell's Capacitive Co  Air            12%        ∞         100%        8
 Polar Vortex             Ice            12%        N/A       100%        9


Dungeon Overview and Level Annotations

Branches:
Dungeon (15/15) Zot: 23797  Temple (1/1) D:6 Zot: 5984    Lair (6/6) D:11 Zot: 24569
 Shoals (4/4) Lair:2 Zot: 17997  Spider (4/4) Lair:3 Zot: 19044   Slime (5/5) Lair:6 Zot: 26193
    Orc (2/2) D:12 Zot: 9621     Elf (3/3) Orc:2 Zot: 12706  Vaults (5/5) D:13 Zot: 15854
  Crypt (3/3) Vaults:2 Zot: 14194    Tomb (0/3) Crypt:3      Depths (4/4) D:15 Zot: 16500
    Zot (0/5) Depths:4     Bailey (visited)         Volcano (visited)
Desolation (visited)

Altars:
Ashenzari
Cheibriados
Elyvilon
Fedhas
Gozag
Hepliaklqana
Kikubaaqudgha
Nemelex Xobeh
Okawaru
Ru
Uskayaw
Vehumet
Xom
Yredelemnul
Jiyva

Shops:
D:4 :*([   D:12 *   Orc:2 [[=   Elf:3 [   Shoals:1 :   Vaults:1 (
Vaults:2 **?:   Vaults:4 (   Depths:1 *

Portals:
Hell: Depths:1 Depths:2 Depths:3 Depths:4
Abyss: Depths:1 Depths:3
Pandemonium: Depths:1 Depths:2 Depths:4
Ziggurat: Depths:2

Annotations:
D:5 3 runed translucent doors, exclusion: 3 doors, samgaumpmail's ghost, amateur TrHW
D:6 1 runed translucent door, Crazy Yiuf
D:11 2 transporters, dualclasshuman's ghost, journeyman FoFi
Lair:2 2 transporters
Spider:3 2 transporters, exclusion: orange crystal statue, Arachne
Slime:5 Royal Jelly
Orc:2 1 runed translucent door, exclusion: door, dolemite99's ghost, journeyman TeBe
Vaults:3 1 transporter
Crypt:1 3 runed translucent doors, exclusions: doom hound, 3 doors and 4 more exclusions, Luix's ghost, veteran MiGl
Depths:2 exclusion: daeva


Innate Abilities, Weirdness & Mutations

Your life essence is reduced to manifest your ancestor. (-10% HP)
You are small and have problems with some larger weapons.
You are completely attuned to the shadows.
You are weak. (Str -2)
Your spells are a little easier to cast, but a little less powerful.
You sometimes lose the ability to read scrolls when taking damage.


Message History

Something barely misses Kaladin.
Something hits Kaladin but does no damage.
Kaladin completely misses the acid blob.
Kaladin barely misses something.
Kaladin hits something with a +0 broad axe of speed!
The quicksilver ooze completely misses you. x2
Kaladin blocks something's attack. x2
Okay, then.
Really quaff
M - 2 potions of heal wounds {!q!d}?
You feel much better.
Kaladin hits the quicksilver ooze with a +0 broad axe of speed.
Kaladin hits the acid blob with a +0 broad axe of speed!
Kaladin is burned by acid!
Kaladin hits the large slime creature with a +0 broad axe of speed!
The quicksilver ooze completely misses you.
The quicksilver ooze barely misses you.
The quicksilver ooze hits Kaladin.
Kaladin blocks the quicksilver ooze's attack.
Kaladin completely misses the quicksilver ooze.
Kaladin barely misses the large slime creature.
The acid blob spits acid at you. The splash of acid misses you.
The acid blob spits acid at you. The splash of acid hits you!
The acid blob completely misses you.
Kaladin hits the quicksilver ooze but does no damage.
Kaladin hits the large slime creature with a +0 broad axe of speed!
Kaladin hits the shining eye with a +0 broad axe of speed!
Really quaff
H - 3 potions of invisibility {!q!d}?
You fade into invisibility!
The quicksilver ooze hits you! The quicksilver ooze engulfs you!
The quicksilver ooze hits you.
* * * LOW HITPOINT WARNING * * *
You feel your power leaking away.
Kaladin blocks the quicksilver ooze's attack. x2
Kaladin barely misses the quicksilver ooze.
Kaladin hits the shining eye with a +0 broad axe of speed!
Kaladin hits the large slime creature with a +0 broad axe of speed!
The acid blob hits you!!!
* * * LOW HITPOINT WARNING * * *
The acid corrodes you!
You are splashed with acid!
You die...

............. /##..##?|
............. #.##
.................# #..#
.................######J##
....................##...###.
....<........................
##...........................
###...........RG............
###......@JJ.J............
##....J.JJ..............
........J...J.J ....
...........J..J ....
......J...... ....
.....§...........J....
......................
.....§§...............
......................


You could see the friendly Kaladin the knight (fast, corroded, magic disrupted),
3 acid blobs, a large slime creature (can't see you), 2 slime creatures, a
shining eye and 2 quicksilver oozes.

Vanquished Creatures
  Bai Suzhen (Vaults:3)
  Xtahua (Vaults:4)
  Nikola (Shoals:1)
  A shard shrike zombie (Crypt:3)
  2 tentacled monstrosities (Vaults:5)
  3 liches
  2 titans (Vaults:5)
  A quicksilver dragon (Vaults:4)
  Asterion (Elf:2)
  2 deep elf blademasters (Elf:3)
  5 ancient champions
  2 sphinxes
  6 acid blobs
  A storm dragon (Depths:4)
  3 shadow dragons (Vaults:5)
  2 tengu reavers
  2 rockslimes (Slime:5)
  2 revenants
  An azure jelly (Slime:3)
  A fenstrider witch (Shoals:2)
  5 frost giants
  3 imperial myrmidons (Desolation)
  4 fire giants
  An iron dragon (Depths:3)
  12 vault wardens
  4 orc warlords
  3 deep elf sorcerers
  A ghost moth (Spider:4)
  Aizul (Elf:2)
  3 emperor scorpions (Spider:4)
  5 ghouls
  A curse skull (Crypt:1)
  A draconian annihilator (Depths:4)
  A reaper (Crypt:3)
  10 stone giants
  7 quicksilver oozes
  9 ironbound preservers
  18 very ugly things
  2 broodmothers
  A vampire knight (Crypt:3)
  Nessos (Lair:6)
  6 deep elf demonologists (Elf:3)
  11 ironbound thunderhulks
  A black draconian (Depths:4)
  2 entropy weavers
  A red draconian (Depths:4)
  9 dire elephants
  3 spark wasps
  4 deep elf annihilators
  A halazid warlock (Desolation)
  A lorocyproca (Depths:2)
  2 eidola
  4 ettins
  3 deep elf death magi
  4 merfolk impalers (Shoals:4)
  3 fire dragons
  12 jiangshi
  3 great orbs of eyes
  Josephine (Lair:6)
  Harold (D:11)
  5 deep elf high priests
  A merfolk javelineer (Shoals:4)
  2 ragged hierophants (Desolation)
  9 vault guards
  5 hydras
  14 yaktaur captains
  2 servants of whispers (Desolation)
  4 peacekeepers (Desolation)
  3 rakshasas
  A bennu zombie (Crypt:1)
  3 ice dragons
  6 ironbound frosthearts
  4 jorogumos
  3 catoblepae
  5 boulder beetles
  A merfolk aquamancer (Shoals:3)
  5 satyrs
  9 tengu warriors
  5 two-headed ogres
  2 merfolk avatars
  3 centaur warriors
  11 dancing weapons
  4 death yaks
  2 deep troll shamans
  7 death scarabs (Spider:4)
  3 vampire magi
  2 hell knights
  3 orc high priests (Orc:2)
  A soul eater (Depths:2)
  3 deep troll earth magi
  A storm dragon zombie (Crypt:1)
  A shadow wraith (Crypt:2)
  6 deep elf knights
  3 spriggan berserkers
  5 pharaoh ants
  Amaemon (D:8)
  6 skeletal warriors
  Lodul (D:10)
  A fire crab (shapeshifter) (D:15)
  A fire crab (Volcano)
  A sixfirhy (Depths:2)
  A salamander mystic (Depths:4)
  3 steelbarb worms
  6 sea snakes
  2 flayed ghosts (Crypt:3)
  An orb spider (Spider:3)
  6 orc knights
  3 glowing orange brains
  5 deep elf archers
  38 deep trolls
  4 wizards
  A bog body (Crypt:3)
  An anaconda zombie (Crypt:1)
  9 lindwurms
  11 phantasmal warriors
  A wolf spider zombie (Spider:4)
  12 deep elf zephyrmancers
  11 ironbound convokers
  17 wolf spiders
  8 harpies
  4 orc sorcerers
  3 shining eyes
  22 deep elf pyromancers
  21 ugly things
  A salamander (Depths:4)
  4 moths of wrath
  3 cyclopes
  15 manticores
  12 fauns
  5 merfolk sirens
  14 elephants
  3 water nymphs
  A guardian serpent (Desolation)
  An eye of devastation (Slime:5)
  3 vault sentinels
  A titan simulacrum (Crypt:1)
  A black mamba (Lair:3)
  A rust devil (Depths:1)
  A torpor snail (Spider:2)
  2 orange demons
  A smoke demon (Depths:2)
  Maggie (D:8)
  A molten gargoyle (Desolation)
  2 gargoyles (D:11)
  An unseen horror (D:11)
  3 cane toads
  A naga skeleton (Crypt:1)
  4 demonic crawlers
  3 rime drakes
  3 spectral redbacks (Spider:4)
  18 yaktaurs
  6 komodo dragons
  A yaktaur (shapeshifter) (Elf:3)
  A steelbarb worm zombie (Crypt:1)
  A hellwing (Depths:2)
  An ice devil (Depths:1)
  4 freezing wraiths
  4 red devils
  A komodo dragon (shapeshifter) (Vaults:5)
  A catoblepas skeleton (Crypt:2)
  4 meliai
  10 merfolk
  An iron troll skeleton (Crypt:2)
  4 wind drakes
  2 hornets (Spider:2)
  3 polar bears
  33 tarantellas
  3 trolls
  3 spectral culicivoras (Spider:4)
  14 blink frogs
  3 spectral jumping spiders (Spider:4)
  2 tarantella zombies (Spider:4)
  26 slime creatures
  6 snapping turtles
  A tarantella (shapeshifter) (D:14)
  4 dream sheep
  2 jumping spider zombies
  26 saltlings (Desolation)
  A stone giant simulacrum (Crypt:3)
  A spectral tarantella (Spider:4)
  2 air elementals (Elf:3)
  2 flying skulls (Crypt:1)
  19 jumping spiders
  A jumping spider (shapeshifter) (Depths:3)
  Sigmund (D:3)
  10 culicivoras
  22 yaks
  2 vampires (Crypt:3)
  A wyvern (Lair:6)
  7 wraiths
  4 fire bats (Volcano)
  9 water elementals
  2 basilisks
  2 golden eyes (Slime:5)
  A golden eye (shapeshifter) (Vaults:5)
  2 hogs (Shoals:1)
  2 steam dragons
  2 neqoxecs (Depths:2)
  45 redbacks
  7 vampire mosquitoes
  An acid dragon (D:11)
  14 water moccasins
  3 wargs
  2 floating eyes
  24 orc warriors
  A sky beast (D:4)
  3 black bears
  A floating eye zombie (Crypt:2)
  3 ice beasts
  A hornet zombie (D:6)
  An ogre (shapeshifter) (Vaults:5)
  6 wolves
  15 ogres
  21 centaurs
  A dream sheep skeleton (Crypt:1)
  A lemure (D:4)
  2 kobold brigands (D:9)
  A necrophage (Crypt:2)
  9 bullfrogs
  2 earth elementals
  A wyvern zombie (D:6)
  4 scorpions
  A komodo dragon skeleton (Crypt:2)
  A scorpion (shapeshifter) (Vaults:5)
  4 wights (D:9)
  A yak skeleton (Crypt:2)
  A killer bee (shapeshifter) (Vaults:5)
  6 killer bees
  3 electric eels
  3 howler monkeys
  A bullfrog zombie (D:6)
  2 centaur zombies (D:6)
  3 hounds
  A jelly (D:6)
  23 orc priests
  A basilisk zombie (Crypt:2)
  A gnoll shaman (D:8)
  18 orc wizards
  6 iguanas
  A tengu zombie (Crypt:2)
  6 adders
  8 gnolls
  A shadow imp (D:7)
  An ufetubus (D:6)
  4 dart slugs
  84 orcs
  4 bats
  A bat skeleton (Crypt:1)
  6 endoplasms
  5 giant cockroaches
  A giant cockroach (shapeshifter) (Vaults:5)
  7 goblins
  4 hobgoblins
  8 jackals
  21 kobolds
  7 quokkas
  2 ball pythons
  A ball python skeleton (Crypt:3)
  4 frilled lizards
  5 rats
  A fire vortex (Depths:3)
1343 creatures vanquished.

Vanquished Creatures (collateral kills)
  A dread lich (Vaults:5)
  4 ancient liches
  A juggernaut (Depths:4)
  Frederick (Crypt:3)
  A caustic shrike (Depths:3)
  Zenata (Vaults:2)
  3 tentacled monstrosities
  A lich (Depths:2)
  2 titans (Vaults:5)
  A walking earthen tome (Depths:3)
  A deep elf master archer (Elf:3)
  A quicksilver dragon (Vaults:5)
  The ghost of oldmanjim the Severer, an adept MiBe of Trog (Shoals:3)
  A kraken (Shoals:1)
  9 acid blobs
  4 ancient champions (Crypt:3)
  2 sphinxes
  Gastronok (Orc:1)
  Kirke (Shoals:1)
  3 shadow dragons
  3 tengu reavers (Vaults:5)
  5 storm dragons
  2 rockslimes (Slime:5)
  3 azure jellies
  A draconian monk (Depths:4)
  A revenant (Crypt:1)
  2 orc warlords
  5 deep elf sorcerers
  The ghost of Qoodowol the Warrior, an adept GrFi of Fedhas (Shoals:1)
  6 frost giants
  5 vault wardens
  A ghost moth (Spider:4)
  4 spectral caustic shrikes (Depths:3)
  A spriggan defender (Depths:3)
  A war gargoyle (Vaults:5)
  2 broodmothers
  3 deep elf elementalists (Elf:3)
  A juggernaut skeleton (Crypt:2)
  2 ghouls (Crypt:3)
  13 ironbound preservers
  A quicksilver ooze (Slime:5)
  A draconian annihilator (Depths:4)
  18 very ugly things
  5 vampire knights
  An entropy weaver (Vaults:2)
  8 stone giants
  7 deep elf demonologists (Elf:3)
  2 red draconians (Depths:4)
  9 dire elephants
  4 deep elf annihilators (Elf:3)
  A purple draconian (Depths:4)
  A white draconian (Depths:4)
  3 spark wasps
  2 halazid warlocks (Desolation)
  3 great orbs of eyes
  4 deep elf death magi
  2 merfolk javelineers (Shoals:4)
  Snorg (Lair:3)
  3 ettins
  4 ragged hierophants (Desolation)
  5 fire dragons
  14 jiangshi
  7 merfolk impalers
  2 servants of whispers (Desolation)
  3 deep elf high priests
  6 yaktaur captains
  2 rakshasas
  24 vault guards
  2 ice dragons
  A boulder beetle (D:13)
  2 ironbound frosthearts
  4 hydras
  A spriggan skeleton (Crypt:3)
  A radroach (Spider:2)
  A merfolk avatar (Shoals:3)
  2 peacekeepers
  Erolcha (D:13)
  A merfolk aquamancer (Shoals:2)
  5 centaur warriors
  A death knight (Crypt:1)
  11 dancing weapons
  A death scarab (Spider:4)
  3 tengu warriors
  7 vampire magi
  7 death yaks
  A deep troll earth mage (Vaults:5)
  An orc high priest (Orc:2)
  3 spriggan berserkers
  5 hell knights (Depths:1)
  6 deep elf knights
  An iron troll (Depths:3)
  A salamander mystic (Depths:4)
  2 shadow wraiths
  3 pharaoh ants
  12 skeletal warriors
  A flayed ghost (D:9)
  An anaconda zombie (Crypt:3)
  5 sea snakes
  A shadow demon (Depths:1)
  2 steelbarb worms (Spider:4)
  2 bog bodies (Crypt:3)
  2 deep elf archers
  22 deep trolls
  A glowing orange brain (Slime:2)
  A spectral wolf spider (Spider:4)
  3 phantasmal warriors
  3 lindwurms
  3 deep elf zephyrmancers
  4 wizards
  13 deep elf pyromancers
  Pikel (D:4)
  2 necromancers
  11 ironbound convokers
  A shadow dragon zombie (Crypt:1)
  7 wolf spiders
  7 fauns
  4 orc knights
  4 shining eyes
  2 broodmother zombies
  A stone giant zombie (Crypt:1)
  17 ugly things
  3 salamanders (Depths:4)
  9 elephants
  3 cyclopes (D:13)
  Maurice (Orc:2)
  5 manticores
  3 moths of wrath
  A water nymph (Shoals:4)
  A merfolk siren (Shoals:4)
  4 vault sentinels
  An eye of devastation (Slime:5)
  A naga zombie (Crypt:3)
  A guardian serpent (Desolation)
  6 cane toads
  A kobold demonologist (D:12)
  An unseen horror (D:11)
  A dire elephant skeleton (Crypt:3)
  A rime drake (Lair:1)
  7 yaktaurs
  2 spectral redbacks (Spider:4)
  7 komodo dragons
  4 freezing wraiths
  A demonic crawler (Spider:3)
  A yellow draconian skeleton (Crypt:3)
  A tengu conjurer (Depths:1)
  6 trolls
  3 merfolk
  An iron troll skeleton (Crypt:2)
  2 hornets (Depths:1)
  2 polar bears
  A tyrant leech (shapeshifter) (Vaults:5)
  A spectral tarantella (Spider:4)
  A wind drake (Shoals:1)
  Grinder (D:4)
  18 saltlings (Desolation)
  13 blink frogs
  A snapping turtle (Shoals:4)
  A jumping spider zombie (Spider:4)
  33 slime creatures
  A dream sheep (shapeshifter) (Vaults:5)
  4 jumping spiders
  7 tarantellas
  5 dream sheep
  A jumping spider (shapeshifter) (Vaults:5)
  5 culicivoras
  3 flying skulls (Crypt:1)
  4 water elementals
  2 spriggans (Depths:1)
  18 yaks
  3 vampires (Crypt:3)
  A fire bat (Volcano)
  4 wyverns
  2 basilisks
  3 golden eyes (Slime:5)
  A neqoxec (Depths:1)
  A steam dragon (D:8)
  3 wraiths
  2 fire elementals
  16 redbacks
  4 vampire mosquitoes
  An acid dragon (D:9)
  A deep troll zombie (Crypt:3)
  A warg (Orc:2)
  2 floating eyes
  6 water moccasins
  19 orc warriors
  2 black bears
  5 ogres
  5 wolves
  9 centaurs
  2 kobold brigands
  A gnoll sergeant (D:13)
  A fire crab zombie (Crypt:3)
  4 bullfrogs
  A necrophage (Crypt:3)
  A wyvern zombie (D:6)
  An earth elemental (Elf:2)
  2 wights (D:9)
  5 killer bees
  A howler monkey (D:12)
  A centaur zombie (D:6)
  15 orc priests
  A hound (D:7)
  A gnoll shaman (D:9)
  24 orc wizards
  2 gnolls (D:13)
  38 orcs
  2 goblins (D:8)
  4 kobolds
  4 pillars of salt (Elf:2)
  A tentacle (Shoals:1)
855 creatures vanquished.

Vanquished Creatures (others)
  A deep elf master archer (Elf:3)
  A tengu reaver (Depths:2)
  2 ironbound preservers (Vaults:5)
  A stone giant (Vaults:5)
  A yaktaur captain (Vaults:5)
  4 vault guards (Vaults:5)
  An ice dragon (Depths:1)
  A dancing weapon (Elf:1)
  A deep troll (Vaults:5)
  An ironbound convoker (Vaults:5)
  A wizard (D:9)
  2 phantasmal warriors
  A deep elf pyromancer (Elf:3)
  A faun (Shoals:1)
  2 yaktaurs (Vaults:2)
  6 slime creatures
  An air elemental (Elf:3)
  A human (Shoals:1)
  A steam dragon (D:8)
  An orc priest (Orc:2)
  22 knights
  8 ancestors
  7 bushes (D:9)
  48 fungi
  130 plants
  3 tentacles (Shoals:1)
  2 withered plants (Shoals:3)
251 creatures vanquished.

Grand Total: 2449 creatures vanquished

Notes
Turn   | Place    | Note
-------+----------+-------------------------------------------
     0 | D:1      | buhh the Kobold Hunter began the quest for the Orb.
     0 | D:1      | Reached XP level 1. HP: 12/12 MP: 1/1
   236 | D:1      | Reached XP level 2. HP: 18/18 MP: 2/2
   281 | D:1      | Reached skill level 2 in Stealth
   421 | D:1      | Reached XP level 3. HP: 22/22 MP: 3/3
  1491 | D:2      | Reached XP level 4. HP: 27/28 MP: 4/4
  1640 | D:2      | Identified the +0 spear "Wuenaec" {elec, rN+ Will+ Int+3
                  | Dex-5}
  1831 | D:2      | Identified the +8 short sword "Arbiter" {venom, rF- Str+4
                  | Int+3}
  2145 | D:3      | Noticed Sigmund
  2337 | D:3      | Reached XP level 5. HP: 32/32 MP: 5/5
  2766 | D:3      | Found a faded altar of an unknown god.
  3392 | D:4      | Reached XP level 6. HP: 38/38 MP: 6/6
  3524 | D:4      | Noticed Grinder
  3602 | D:4      | Noticed a sky beast
  3621 | D:4      | Found Ammemoqe's Assorted Antiques.
  3624 | D:4      | Found Kejetaur's Armour Shoppe.
  3627 | D:4      | Found Xoups's Book Shoppe.
  3627 | D:4      | Noticed Pikel
  3809 | D:5      | Entered Level 5 of the Dungeon
  3963 | D:5      | Reached XP level 7. HP: 43/44 MP: 7/7
  4151 | D:5      | Found a runed translucent gate.
  4152 | D:5      | Found a runed translucent gate.
  4152 | D:5      | Found an opulent altar of Gozag.
  4153 | D:5      | Found a runed translucent gate.
  4154 | D:5      | Noticed an acid dragon
  4815 | D:5      | Reached XP level 8. HP: 50/51 MP: 8/8
  5011 | D:5      | Found a sparkling altar of Nemelex Xobeh.
  5201 | D:5      | Noticed samgaumpmail's ghost (amateur TrHW)
  6273 | D:6      | Reached XP level 9. HP: 29/58 MP: 9/9
  6422 | D:6      | Found a basalt altar of Yredelemnul.
  6755 | D:4      | Found Otoaceerud's Weapon Shoppe.
  6763 | D:4      | Bought a +0 pair of gloves of strength for 138 gold pieces
  7066 | D:6      | Found a staircase to the Ecumenical Temple.
  7072 | Temple   | Entered the Ecumenical Temple
  7079 | Temple   | Became a worshipper of Hepliaklqana the Forgotten
  7299 | D:6      | Found a runed translucent door.
  7302 | D:6      | Noticed Crazy Yiuf
  7710 | D:7      | Noticed a cyclops
  7952 | D:7      | Reached * piety under Hepliaklqana
  7985 | D:7      | You fall into a shaft and drop 1 floor!
  8509 | D:8      | Found a flagged portal.
  8520 | Bailey   | Entered a bailey
  8780 | Bailey   | Reached XP level 10. HP: 44/61 MP: 10/10
  9654 | Bailey   | Reached skill level 11 in Fighting
 10578 | D:8      | Noticed Maggie
 10609 | D:8      | Noticed Amaemon
 10796 | D:7      | Reached ** piety under Hepliaklqana
 10797 | D:7      | Remembered your ancestor Kaladin as a knight
 11376 | D:4      | Found a broken altar of Ashenzari.
 11665 | D:4      | Killed Pikel
 11710 | D:4      | Found a shimmering altar of Xom.
 12094 | D:8      | Noticed an orange demon
 12099 | D:8      | Killed an orange demon
 12100 | D:8      | Reached XP level 11. HP: 70/70 MP: 11/11
 12159 | D:8      | Killed Amaemon
 12244 | D:8      | Found a sacrificial altar of Ru.
 12244 | D:8      | Found a radiant altar of Vehumet.
 12664 | D:9      | Noticed a two-headed ogre
 12673 | D:9      | Killed a two-headed ogre
 12729 | D:9      | Found a blossoming altar of Fedhas.
 12932 | D:9      | Noticed a flayed ghost
 12939 | D:9      | Killed a flayed ghost
 12954 | D:9      | Noticed a wizard
 12959 | D:9      | Killed a wizard
 12960 | D:9      | Reached skill level 15 in Fighting
 13112 | D:9      | Noticed a manticore
 13119 | D:9      | Killed a manticore
 13120 | D:9      | Reached skill level 11 in Crossbows
 13212 | D:9      | Noticed a white ugly thing
 13222 | D:9      | Killed a white ugly thing
 13256 | D:9      | Noticed a centaur warrior
 13278 | D:9      | Killed a centaur warrior
 13476 | D:10     | Entered Level 10 of the Dungeon
 13488 | D:10     | Noticed Lodul
 13659 | D:10     | Noticed a two-headed ogre
 13693 | D:10     | Reached XP level 12. HP: 78/78 MP: 12/12
 13714 | D:10     | Noticed a two-headed ogre
 13719 | D:10     | Killed a two-headed ogre
 13964 | D:11     | Noticed an eight-headed hydra
 13964 | D:11     | Noticed a two-headed ogre
 14139 | D:10     | Killed Lodul
 14701 | D:10     | Killed a two-headed ogre
 14968 | D:10     | Reached *** piety under Hepliaklqana
 15465 | D:9      | Reached skill level 15 in Crossbows
 16429 | D:3      | Killed Sigmund
 16636 | D:4      | Killed Grinder
 17424 | D:11     | Killed a two-headed ogre
 17601 | D:11     | Found an iron altar of Okawaru.
 17756 | D:11     | Noticed a two-headed ogre
 17757 | D:11     | Found a transporter.
 17758 | D:11     | Noticed dualclasshuman's ghost (journeyman FoFi)
 17790 | D:11     | Killed an eight-headed hydra
 17834 | D:11     | Found a transporter.
 18156 | D:11     | Noticed a six-headed hydra
 18162 | D:11     | Killed a six-headed hydra
 18673 | D:4      | Bought a +0 buckler of poison resistance for 102 gold
                  | pieces
 18946 | D:11     | Reached XP level 13. HP: 59/82 MP: 14/16
 19196 | D:11     | Noticed Harold
 19469 | D:11     | Found a staircase to the Lair.
 19603 | D:12     | Noticed a seven-headed hydra
 19610 | D:12     | Killed a seven-headed hydra
 19789 | D:12     | Noticed a boulder beetle
 19806 | D:12     | Killed a boulder beetle
 19868 | D:12     | Reached **** piety under Hepliaklqana
 19969 | D:12     | Found a staircase to the Orcish Mines.
 20303 | D:12     | Found Luiduamp's Elemental Accessories.
 20533 | D:13     | Noticed a centaur warrior
 20593 | Lair:1   | Entered Level 1 of the Lair of Beasts
 20633 | Lair:1   | Found a dark tunnel.
 20639 | Volcano  | Entered a volcano
 21541 | Lair:1   | Found a transporter.
 21543 | Lair:1   | Found a transporter.
 22363 | Lair:1   | Noticed a six-headed hydra
 22393 | Lair:1   | Killed a six-headed hydra
 23211 | Lair:2   | Noticed a catoblepas
 23218 | Lair:2   | Killed a catoblepas
 23270 | Lair:2   | Reached XP level 14. HP: 64/88 MP: 20/20
 23731 | Lair:2   | Found a transporter.
 23804 | Lair:2   | Found a staircase to the Shoals.
 23853 | Lair:2   | Found a transporter.
 23999 | Lair:2   | Reached ***** piety under Hepliaklqana
 24740 | Lair:3   | Noticed Snorg
 24760 | Lair:3   | Killed Snorg
 24960 | Lair:3   | Found a hole to the Spider Nest.
 27263 | Lair:5   | Reached skill level 3 in Stealth
 27313 | Lair:5   | Reached skill level 4 in Stealth
 27414 | Lair:5   | Reached skill level 5 in Stealth
 27712 | Lair:5   | Reached skill level 6 in Stealth
 27840 | Lair:5   | Reached skill level 7 in Stealth
 28041 | Lair:5   | Reached XP level 15. HP: 75/92 MP: 21/21
 28070 | Lair:5   | Reached skill level 8 in Stealth
 28377 | Lair:6   | Entered Level 6 of the Lair of Beasts
 28812 | D:13     | Reached skill level 9 in Stealth
 28912 | D:13     | Reached skill level 10 in Stealth
 28927 | D:13     | Reached skill level 11 in Dodging
 29211 | D:13     | Identified the +1 quarterstaff of Royalism {freeze, Fly
                  | Int+3 Stlth+}
 29306 | D:13     | Found a gate to the Vaults.
 29521 | D:13     | Noticed Erolcha
 29592 | D:14     | Found a broken altar of Ashenzari.
 29870 | D:14     | Identified the +10 arbalest "Lifebane" {flame, Fly rElec
                  | rPois rN++}
 30532 | D:15     | Entered Level 15 of the Dungeon
 31007 | D:15     | Found a staircase to the Depths.
 31007 | D:15     | Noticed a stone giant
 31608 | Orc:1    | Entered Level 1 of the Orcish Mines
 31630 | Orc:1    | Noticed Gastronok
 31639 | Orc:1    | Killed Gastronok
 31640 | Orc:1    | Reached skill level 15 in Dodging
 31803 | Orc:2    | Entered Level 2 of the Orcish Mines
 32101 | Orc:2    | Found a staircase to the Elven Halls.
 32130 | Orc:2    | Reached XP level 16. HP: 97/97 MP: 22/22
 32294 | Orc:2    | Killed Maurice
 32497 | Orc:2    | Found a runed translucent door.
 32498 | Orc:2    | Noticed dolemite99's ghost (journeyman TeBe)
 32551 | Orc:2    | Found Paifimum's Magic Scroll Boutique.
 32552 | Orc:2    | Found Josisyos's Jewellery Boutique.
 32554 | Orc:2    | Found Jaclek's Armour Shop.
 32554 | Orc:2    | Found Riumedde's Antique Armour Shop.
 32872 | Orc:2    | Bought a scroll of acquirement for 572 gold pieces
 32872 | Orc:2    | Bought a scroll of blinking for 82 gold pieces
 32872 | Orc:2    | Bought a scroll of blinking for 82 gold pieces
 32872 | Orc:2    | Bought a scroll of teleportation for 33 gold pieces
 32872 | Orc:2    | Bought a scroll of summoning for 104 gold pieces
 32872 | Orc:2    | Bought a scroll of teleportation for 33 gold pieces
 32872 | Orc:2    | Bought a scroll of identify for 22 gold pieces
 32872 | Orc:2    | Bought a scroll of identify for 22 gold pieces
 32895 | Orc:2    | Bought the amulet "Arouviosk" {Acrobat MP+9 Int+3 Dex+6}
                  | for 748 gold pieces
 32907 | Orc:2    | Bought a glowing scarf for 304 gold pieces
 32928 | Orc:2    | Acquired 1005 gold pieces
 33487 | D:13     | Killed Erolcha
 34091 | D:11     | Killed Harold
 34277 | D:8      | Killed Maggie
 34609 | Lair:6   | Acquired a manual of Translocations
 34667 | Lair:6   | Found a viscous altar of Jiyva.
 34674 | Lair:6   | Found a staircase to the Slime Pits.
 35114 | Lair:6   | Noticed Nessos
 35118 | Lair:6   | Killed Nessos
 35133 | Lair:6   | Noticed Josephine
 35137 | Lair:6   | Killed Josephine
 35262 | Lair:6   | Reached XP level 17. HP: 101/101 MP: 23/23
 35302 | Lair:6   | Learned a level 2 spell: Blink
 35886 | Lair:5   | Learned a level 3 spell: Tukima's Dance
 35889 | Lair:5   | Learned a level 2 spell: Ensorcelled Hibernation
 35893 | Lair:5   | Learned a level 3 spell: Inner Flame
 35897 | Lair:5   | Learned a level 3 spell: Teleport Other
 35901 | Lair:5   | Learned a level 3 spell: Gell's Gravitas
 35954 | Spider:1 | Entered Level 1 of the Spider Nest
 36072 | Spider:1 | Reached skill level 18 in Dodging
 36941 | Spider:2 | Reached skill level 11 in Stealth
 37275 | Spider:2 | Reached skill level 11 in Evocations
 38073 | Spider:3 | Found a transporter.
 38135 | Spider:3 | Found a transporter.
 38546 | Spider:3 | Noticed Arachne
 38614 | Spider:3 | Reached skill level 12 in Stealth
 38813 | Spider:4 | Entered Level 4 of the Spider Nest
 39050 | Spider:4 | Reached XP level 18. HP: 107/107 MP: 25/25
 39701 | Spider:4 | Reached skill level 13 in Stealth
 40290 | Spider:4 | Reached skill level 14 in Stealth
 40332 | Spider:4 | Got a gossamer rune of Zot
 40341 | Spider:4 | Identified the +2 hat "Letenat" {rC+}
 40473 | Spider:4 | Learned a level 3 spell: Portal Projectile
 40793 | Vaults:1 | Entered Level 1 of the Vaults
 41083 | Vaults:1 | Reached skill level 11 in Translocations
 41197 | Elf:1    | Entered Level 1 of the Elven Halls
 41595 | Elf:1    | Reached XP level 19. HP: 111/111 MP: 26/26
 41602 | Elf:1    | Reached skill level 15 in Stealth
 42200 | Elf:2    | Found a crumbling gateway.
 42212 | Desolati | Entered the Desolation of Salt
 42436 | Desolati | Got Uvohyox's Papyrus of Noxious Conjuration
 42525 | Desolati | Reached skill level 15 in Evocations
 42689 | Desolati | Reached ****** piety under Hepliaklqana
 42924 | Desolati | Identified the +6 hand axe of Equilibrium {venom, rN+
                  | rCorr}
 42930 | Desolati | Identified the ring "Ehaim" {rPois rN+ MP-9 Slay-3 Stlth+}
 43167 | Desolati | Got the Catalogue of the Chickpea
 43170 | Desolati | Identified the ring "Yler" {rC++ Str+2 Int+6}
 43177 | Desolati | Got the Almanac of Snow and Execration
 43444 | Elf:2    | Learned a level 1 spell: Slow
 43570 | Elf:2    | Noticed Asterion
 44506 | Shoals:1 | Entered Level 1 of the Shoals
 44752 | Shoals:1 | Found a runed translucent door.
 44752 | Shoals:1 | Noticed Qoodowol's ghost (adept GrFi)
 45095 | Shoals:1 | Noticed Kirke
 45101 | Shoals:1 | Killed Kirke
 45102 | Shoals:1 | Reached XP level 20. HP: 116/116 MP: 27/27
 45129 | Shoals:1 | Identified the ring "Neipt" {Will+ SInv}
 45150 | Shoals:1 | Noticed Nikola
 45155 | Shoals:1 | Killed Nikola
 45429 | Shoals:1 | Found Zopynal's Book Boutique.
 45434 | Shoals:1 | Bought a book of Unlife for 648 gold pieces
 45434 | Shoals:1 | Bought a book of Hexes for 648 gold pieces
 45534 | Shoals:1 | Identified the +0 robe of Bitterness {Fly rC++ rCorr
                  | Stlth-}
 45561 | Shoals:1 | Reached skill level 18 in Crossbows
 45942 | Shoals:2 | Identified the +5 shortbow of Infinity {flame, rC+}
 46932 | Shoals:3 | Acquired 413 gold pieces
 46936 | Shoals:3 | Found a runed translucent door.
 46936 | Shoals:3 | Noticed oldmanjim's ghost (adept MiBe)
 48332 | Shoals:4 | Entered Level 4 of the Shoals
 48415 | Shoals:4 | Got a barnacled rune of Zot
 48770 | Vaults:1 | Found Hoffon's Antique Weapon Boutique.
 49947 | Vaults:2 | Found Mexkat's General Store.
 49952 | Vaults:2 | Bought a scroll of blinking for 120 gold pieces
 49952 | Vaults:2 | Bought a wand of iceblast (5) for 144 gold pieces
 50439 | Vaults:2 | Reached XP level 21. HP: 120/120 MP: 28/28
 50476 | Vaults:2 | Learned a level 4 spell: Passage of Golubria
 50501 | Vaults:2 | Reached skill level 11 in Hexes
 50561 | Vaults:2 | Found a staircase to the Crypt.
 50561 | Vaults:2 | Found an ancient bone altar of Kikubaaqudgha.
 50561 | Vaults:2 | Found a basalt altar of Yredelemnul.
 50630 | Vaults:2 | Found Xiarphutti's Magic Scroll Emporium.
 50639 | Vaults:2 | Bought a scroll of fear for 70 gold pieces
 50639 | Vaults:2 | Bought a scroll of magic mapping for 70 gold pieces
 50639 | Vaults:2 | Bought a scroll of teleportation for 60 gold pieces
 50908 | Vaults:2 | Found Nibrakk's Assorted Antiques.
 50913 | Vaults:2 | Bought a coiled copper ring for 235 gold pieces
 50913 | Vaults:2 | Identified the ring "Doren" {rPois rC- MP+9 Dex+6} (You
                  | bought it in a shop on level 2 of the Vaults)
 50917 | Vaults:2 | Bought a notched golden ring for 235 gold pieces
 50922 | Vaults:2 | Bought a scroll of teleportation for 141 gold pieces
 50922 | Vaults:2 | Bought a scroll of blinking for 352 gold pieces
 50922 | Vaults:2 | Bought a scroll of fog for 94 gold pieces
 50922 | Vaults:2 | Bought a scroll of blinking for 352 gold pieces
 51590 | Vaults:2 | Noticed Zenata
 51607 | Vaults:2 | Killed Zenata
 52257 | Vaults:2 | Found Fesah's Book Shop.
 52279 | Vaults:2 | Bought a manual of Stealth for 1280 gold pieces
 52516 | Vaults:3 | Found a flickering gateway to a bazaar.
 52522 | Bazaar   | Entered a bazaar
 52527 | Bazaar   | Found Kebrain's Assorted Antiques.
 52546 | Bazaar   | Found Woxtig's General Store.
 52567 | Bazaar   | Found Atwu Gej's Magic Scroll Emporium.
 52594 | Bazaar   | Found Ehud's Distillery.
 52604 | Bazaar   | Found Iraanle's Antique Armour Emporium.
 52609 | Bazaar   | Bought a pair of runed boots for 210 gold pieces
 52805 | Bazaar   | Bought a scroll of poison for 42 gold pieces
 52823 | Bazaar   | Bought a scroll of poison for 63 gold pieces
 52963 | Vaults:3 | Reached skill level 16 in Stealth
 53257 | Vaults:3 | Reached skill level 17 in Stealth
 53458 | Vaults:3 | Found a transporter.
 53658 | Vaults:3 | Reached skill level 15 in Hexes
 53658 | Vaults:3 | Reached XP level 22. HP: 126/126 MP: 29/29
 53759 | Vaults:3 | Reached skill level 18 in Stealth
 53934 | Vaults:3 | Identified the +1 robe "Hureakid" {Fly rCorr Stlth-}
 54033 | Vaults:3 | Noticed Bai Suzhen
 54042 | Vaults:3 | Killed Bai Suzhen
 54842 | Vaults:4 | Reached skill level 19 in Stealth
 55202 | Vaults:4 | Reached skill level 20 in Stealth
 55730 | Vaults:4 | Reached skill level 21 in Stealth
 55910 | Vaults:4 | Found Ozeu's Antique Weapon Emporium.
 55926 | Vaults:4 | Noticed Xtahua
 55928 | Vaults:4 | Noticed an ancient lich
 55944 | Vaults:4 | Killed an ancient lich
 55966 | Vaults:4 | Killed Xtahua
 56148 | Vaults:4 | Reached skill level 22 in Stealth
 56508 | Vaults:4 | Reached skill level 23 in Stealth
 56873 | Vaults:4 | Reached XP level 23. HP: 124/129 MP: 30/30
 57117 | Vaults:5 | Entered Level 5 of the Vaults
 57467 | Crypt:1  | Entered Level 1 of the Crypt
 57836 | Crypt:1  | Reached skill level 24 in Stealth
 57883 | Crypt:1  | Found a runed translucent gate.
 57885 | Crypt:1  | Found a runed translucent gate.
 57886 | Crypt:1  | Found a runed translucent gate.
 58307 | Crypt:1  | Identified the +0 chain mail "Nuvveczu" {Will+}
 58311 | Crypt:1  | Noticed Luix's ghost (veteran MiGl)
 58314 | Crypt:1  | Identified the +8 rapier of Governance {vorpal, Drain rF+++
                  | SInv}
 58356 | Crypt:2  | Reached skill level 18 in Hexes
 59720 | Crypt:3  | Entered Level 3 of the Crypt
 60122 | Crypt:3  | Noticed an ancient lich
 60129 | Crypt:3  | Killed an ancient lich
 60219 | Crypt:3  | Found a staircase to the Tomb.
 60541 | Crypt:3  | Reached XP level 24. HP: 135/135 MP: 33/33
 60548 | Crypt:3  | Noticed Frederick
 60553 | Crypt:3  | Killed Frederick
 60850 | Crypt:3  | Noticed a curse toe
 61097 | Vaults:2 | Learned a level 4 spell: Cause Fear
 61105 | Vaults:2 | Learned a level 7 spell: Enfeeble
 61114 | Vaults:2 | Learned a level 8 spell: Discord
 61390 | Shoals:1 | Killed Qoodowol's ghost
 62661 | Shoals:4 | Learned a level 6 spell: Dispersal
 62836 | Shoals:3 | Killed oldmanjim's ghost
 63125 | Elf:2    | Killed Asterion
 63271 | Elf:2    | Found a runed translucent gate.
 63272 | Elf:2    | Found a runed translucent gate.
 63285 | Elf:2    | Found a runed translucent gate.
 63489 | Elf:3    | Entered Level 3 of the Elven Halls
 64238 | Elf:3    | Identified the +7 quarterstaff of Abomination {holy, rF+
                  | Str+5}
 64372 | Elf:3    | Identified the amulet of the Telling Gods {Reflect rElec
                  | rN+ Regen+ Int+2 SH+5}
 64557 | Elf:3    | Identified the +8 broad axe of the Messenger {antimagic,
                  | rF+ rC+ Will+ rCorr Int+3}
 64560 | Elf:3    | Identified the +4 spear of the Bedazzling Gods {spect,
                  | Int+7}
 64560 | Elf:3    | Identified the +2 robe of the Miller {Regen+ Str+3 Slay-6}
 64567 | Elf:3    | Identified the amulet "Iddyjot" {Reflect rC+ rN+ SH+5}
 65053 | Elf:3    | Found Zogoen's Armour Shoppe.
 65134 | Elf:3    | Identified the +8 demon trident of the Distant Future
                  | {drain, +Blink rPois rF+++ Dex-4}
 65473 | Elf:3    | Identified the +9 hand crossbow "Cunosch" {freeze, MP+9}
 65568 | Elf:3    | Identified the +0 hand crossbow of Wommit {elec, rPois}
 65583 | Elf:3    | Identified the +4 shortbow "Secret Weapon" {freeze, Fly}
 65642 | Elf:3    | Identified the +6 flail of an ossuary {freeze, Will+ Int-3
                  | SInv}
 65756 | Elf:3    | Bought the +3 shadow dragon scales of Repulsion {rF+ Str+3
                  | Int-2 Stlth++++} for 1184 gold pieces
 65868 | Elf:2    | Reached XP level 25. HP: 120/139 MP: 32/37
 66329 | Elf:2    | Noticed Aizul
 66336 | Elf:2    | Killed Aizul
 66929 | Vaults:5 | Noticed a dread lich
 66935 | Vaults:5 | Killed a dread lich
 68054 | Vaults:5 | Noticed an ancient lich
 68170 | Vaults:5 | Killed an ancient lich
 68326 | Vaults:5 | Reached skill level 11 in Armour
 68900 | Vaults:5 | Noticed an ancient lich
 69453 | Vaults:5 | Killed an ancient lich
 69963 | Vaults:5 | Reached XP level 26. HP: 144/144 MP: 37/37
 70468 | Vaults:5 | Identified the +5 hunting sling "Igit" {flame, rC+ Will+
                  | Dex+3}
 70700 | Vaults:5 | Got a silver rune of Zot
 70702 | Vaults:5 | Identified the +2 ring mail "Vastaytzau" {rPois Dex+3
                  | Stlth-}
 71413 | Depths:1 | Entered Level 1 of the Depths
 71564 | Depths:1 | Found a one-way gate leading to the halls of Pandemonium.
 71754 | Depths:1 | Found a hide-covered altar of Uskayaw.
 71897 | Depths:1 | Found a one-way gate to the infinite horrors of the Abyss.
 71900 | Depths:1 | Found Wowkimoq's Assorted Antiques.
 71905 | Depths:1 | Bought a scroll of poison for 175 gold pieces
 71905 | Depths:1 | Bought a scroll of teleportation for 150 gold pieces
 71955 | Depths:1 | Found a gateway to Hell.
 72428 | Depths:2 | Acquired 664 gold pieces
 73453 | Depths:2 | Found a hazy altar of Hepliaklqana.
 73674 | Depths:2 | Found a one-way gateway to a ziggurat.
 74902 | Depths:3 | Reached skill level 11 in Spellcasting
 75792 | Depths:3 | Found the +4 robe of Folly {Brilliance Will-∞ Int+8}
 75993 | Depths:4 | Entered Level 4 of the Depths
 75998 | Depths:4 | Reached XP level 27. HP: 148/148 MP: 38/38
 76068 | Depths:4 | Noticed a juggernaut
 76077 | Depths:4 | Killed a juggernaut
 76159 | Depths:4 | Learned a level 5 spell: Borgnjor's Vile Clutch
 76233 | Depths:4 | Found a faded altar of an unknown god.
 76539 | Depths:4 | Identified the +0 arbalest of Xom's Favour {speed, rPois
                  | rCorr Str-2 Stlth+}
 77510 | Depths:4 | Found a gate to the Realm of Zot.
 77599 | Depths:4 | Found a hazy altar of Hepliaklqana.
 78757 | Slime:1  | Entered Level 1 of the Pits of Slime
 79152 | Slime:2  | Reached skill level 15 in Translocations
 79595 | Slime:3  | Gained mutation: You sometimes lose the ability to read
                  | scrolls when taking damage. [a shining eye]
 80624 | Slime:4  | Gained mutation: Your spells are a little easier to cast,
                  | but a little less powerful. [a shining eye]
 80940 | Slime:5  | Entered Level 5 of the Pits of Slime
 81264 | Slime:5  | Learned a level 8 spell: Disjunction
 81319 | Slime:5  | Gained mutation: You are weak. (Str -2) [a shining eye]
 81392 | Slime:5  | Noticed the Royal Jelly
 81603 | Slime:5  | Found a viscous altar of Jiyva.
 81736 | Slime:5  | HP: 6/148 [acid blob[the Royal Jelly] (37)]
 81736 | Slime:5  | Splashed by an acid blob's acid

Illustrated notes

Levels and vault maps discovered:
D:1:      dpeg_arrival_simpleton_c, layout_basic, minmay_pentomino_s4
D:2:      layout_basic, minmay_door_square, ebering_dispersal_statue_hall
D:3:      layout_loops_ring, dreamdust_ecumenical_altar_hidden_monk_grotto,
          grunt_ministairs_6, uniq_sigmund
D:4:      layout_basic, mainiacjoe_overflow_divided_tiny,
          kennysheep_pointless_box, minmay_shop_grid_forest, uniq_pikel,
          uniq_grinder
D:5:      layout_basic, mainiacjoe_overflow_brackets, ebering_ghost_gozag
D:6:      layout_loops_ring, nicolae_yredelemnul_corpse_copse,
          minmay_temple_entry_junction_2, dk_vineyard_1, uniq_crazy_yiuf_cottage
D:7:      layout_cave_pools, wad_mini_maze
D:8:      cheibrodos_steamvent, layout_basic,
          chequers_temple_overflow_statue_of_worship, enter_bailey_3,
          uniq_amaemon, uniq_maggie
D:9:      minmay_klotski, layout_irregular_city, kennysheep_little_box,
          nicolae_sextant
D:10:     layout_grid_maze, uniq_lodul
D:11:     layout_layer_cave, david_lair_shrubbed, gammafunk_ghost_smash,
          okawaru_gym_becter, uniq_harold
D:12:     layout_cave_pools, hiddenorc1_lemuel, nicolae_elemental_shop
D:13:     layout_roguey, lightli_vaults_fourway_checkpoint,
          serial_co_window_serial, co_window_corner_a, co_window_paths_a,
          co_window_paths_b, co_window_paths_b, co_window_corner_a,
          co_window_of_opportunity_a, co_window_corner_a,
          co_window_of_opportunity_a, co_window_of_opportunity_a,
          co_window_2corner, co_window_broadway_b, co_window_broadway_c,
          co_window_corner_b, co_window_2corner, co_window_corner_ca,
          glass_columns_b, glass_columns_c, glass_columns_a, glass_columns_b,
          uniq_erolcha
D:14:     layout_long_grid, nicolae_elevator_lobby_plus,
          nicolae_ashenzari_panopticon
D:15:     grunt_enter_depths_snipers, layout_loops_ring,
          dreamdust_princess_corridor
Temple:   nicolae_temple_no_exploring_needed
Lair:1:   gammafunk_boulding_lane, layout_cave_shapes, gauntlet_entry_generic,
          enter_volcano_1, serial_bayou_ford_a, hangedman_lair_generics_rect
Lair:2:   layout_cellular_growth, minmay_shoals_entry_centaurs,
          gammafunk_ghost_abyssal_escape, nicolae_lair_grazing_beasts
          [nicolae_sub_lair_graze_edge, nicolae_sub_lair_graze_edge,
          nicolae_sub_lair_graze_edge, nicolae_sub_lair_graze_edge]
Lair:3:   layout_roguey, dummy_spider_entry, infiniplex_staircase_pool,
          uniq_snorg
Lair:4:   layout_cave_pods
Lair:5:   layout_loops_ring, beast_lair_carwin_3, serial_bayou_shore_b,
          grunt_megastairs_4
Lair:6:   grunt_lair_end_beastmaster, layout_regular_city, slime_entry_1,
          uniq_nessos, uniq_josephine
Shoals:1: layout_shoals, serial_shops, nicolae_shop_statue_plus,
          hellmonk_ghost_happy_afterlife, uniq_nikola, uniq_kirke
Shoals:2: layout_shoals, nicolae_shoals_beach_house_on_fowls_legs
Shoals:3: layout_shoals, gammafunk_ghost_grave, nicolae_shoals_dead_sea_scrolls
Shoals:4: shoals_end_grunt_ice, layout_shoals
Spider:1: layout_spider_delve
Spider:2: layout_spider_delve, drop_trap, dreamdust_wasp_nest
Spider:3: layout_spider_delve, nzn_ghost_randoct, nicolae_spider_bzzzt
Spider:4: floodkiller_spider_rune_tomb, nicolae_arachne_temple
Slime:1:  layout_caves, basic_altar
Slime:2:  layout_caves
Slime:3:  layout_caves, cheibrodos_slime_lost_civilization_4
Slime:4:  layout_caves
Slime:5
Orc:1:    layout_caves, uniq_gastronok
Orc:2:    st_orc_mages, layout_caves, ebering_ghost_inner_flame, uniq_maurice
Elf:1:    minmay_elf_arrival_summoners, layout_gridlike, hangedman_elf_represent
Elf:2:    nicolae_elf_blades_crystal_corner, layout_loops_cross,
          portal_ice_cave_entry_pillars_four, portal_desolation_entry_garden,
          eino_tiny_chamber, amcnicky_mini_corridor_feature, uniq_aizul,
          uniq_asterion
Elf:3:    grunt_elf_hall_diamonds, layout_loops_corners, serial_shops,
          nicolae_shop_window_shopping, lemuel_flamethrower_2
Vaults:1: vaults_room_corners, v_misc_16, v_alt_pattern_5,
          hangedman_vaults_stretched_pinwheel, v_pattern_4,
          nicolae_vaults_diagonal_hallway_6, v_misc_5, vaults_room_pools,
          vaults_room_guarded_vault, grunt_vaults_hallway_long,
          grunt_vaults_hallway_short, vaults_room_pools, layout_vaults_omnigrid,
          serial_shops, shop
Vaults:2: nicolae_vaults_border_crossing, v_misc_12,
          minmay_crypt_entry_necro_gods, v_rooms_2, hangedman_vaults_unwind,
          ontoclasm_vaults_pinch, grunt_vaults_swirl,
          hangedman_vaults_restitches, grunt_vaults_hallway_short, v_misc_17,
          ontoclasm_vaults_shuriken, ontoclasm_vaults_gateway,
          nicolae_vaults_little_squares_1, v_misc_16, vaults_dpeg_encased_lava,
          nicolae_vaults_back_hallway, nicolae_vaults_asterisk,
          layout_vaults_maze_bifur, serial_shops, shop, shop,
          nicolae_shop_overgrown_old_shop, shop, uniq_zenata
Vaults:3: v_misc_18, emtedronai_trogs_sanctum, vaults_room_door_ring,
          vaults_standard_mumra_enter_the_diamond, hangedman_vaults_restitches,
          nicolae_vaults_gold_heap, layout_vaults_chaotic_city, serial_shops,
          bzr_entry_water, uniq_bai_suzhen
Vaults:4: nicolae_vaults_little_squares_2, hangedman_vaults_hard_town_square,
          nicolae_vaults_twisting_passages, hangedman_vaults_trim,
          vaults_room_grunt_arrival_ludios, v_misc_3, hangedman_vaults_slice,
          vaults_mumra_chevron, vaults_room_corners, layout_vaults_ring,
          serial_shops, nicolae_shop_crystal, uniq_xtahua
Vaults:5: serial_shops
Crypt:1:  layout_rooms, gammafunk_ghost_fury_of_okawaru, uniq_grunn
Crypt:2:  layout_regular_city, st_stairs_11
Crypt:3:  lightli_unholy_cathedral, layout_chaotic_city, grunt_megastairs_3,
          uniq_frederick
Depths:1: layout_cave_pools, hangedman_decor_points, serial_shops,
          nicolae_shop_overgrown_old_shop, grunt_pan_entry_sceptre, hell_entry,
          abyss_entry, nicolae_uskayaw_dance_hall
Depths:2: nicolae_cairo_tiling, layout_gridlike, enter_ziggurat_d, hell_entry,
          grunt_pan_entry_in_and_out, minmay_stone_trees_medium,
          nicolae_hepliaklqana_hippocampus, infiniplex_staircase_split_hallway
Depths:3: minmay_bloctagon, layout_basic, pf_hell_entry_tar_river,
          abyss_entry_small_statue_room, minmay_curled_crystal,
          minmay_misc_feat_chi
Depths:4: grunt_zot_entry_hairpin, layout_cave_pools, serial_column_ruins,
          column_ruins_portal_squares, column_ruins_temple_hall,
          column_ruins_open_small, column_ruins_open_medium,
          column_ruins_columns_T, column_ruins_corridor_straight,
          column_ruins_open_small, lemuel_tele_altar, hell_entry, uniq_josephina

Skill      XL: |  1  2  3  4  5  6  7  8  9 10 11 12 13 14 15 16 17 18 19 20 21 22 23 24 25 26 27 |
---------------+----------------------------------------------------------------------------------+-----
Stealth        | 2 7 10 12 14 15 17 23 24 | 24.0
Fighting       | 3 4 5 6 7 9 13 15 | 15.0
Crossbows      | 6 7 8 10 12 16 17 20 | 20.0
Dodging        | 3 4 5 8 10 15 17 18 19 20 | 20.0
Evocations     | 4 10 11 13 15 | 15.0
Invocations    | 4 8 9 10 | 10.0
Armour         | 3 6 12 13 | 13.0
Shields        | 6 |  6.0
Spellcasting   | 2 6 10 11 13 | 13.0
Hexes          | 6 8 10 15 17 19 20 | 20.4
Translocations | 1 7 11 13 14 16 | 16.4
Necromancy     | 7 8 |  8.0
Earth Magic    | 7 8 |  8.0

Action                   |  1- 3 |  4- 6 |  7- 9 | 10-12 | 13-15 | 16-18 | 19-21 | 22-24 | 25-27 || total
-------------------------+-------+-------+-------+-------+-------+-------+-------+-------+-------++-------
Melee: Hand crossbow     |       |       |       |     1 |       |       |       |       |       ||     1
       Arbalest          |       |       |       |       |       |     1 |       |       |       ||     1
 Fire: Hand crossbow     |    65 |   128 |   334 |   502 |   803 |       |       |       |       ||  1832
       Arbalest          |       |       |       |       |   138 |   862 |   946 |   991 |   913 ||  3850
 Cast: Blink             |       |       |       |       |       |       |       |     6 |     1 ||     7
       Enfeeble          |       |       |       |       |       |       |       |    38 |    98 ||   136
       Dispersal         |       |       |       |       |       |       |       |     2 |    57 ||    59
       Discord           |       |       |       |       |       |       |       |       |    19 ||    19
       Borgnjor's Vile C |       |       |       |       |       |       |       |       |     2 ||     2
       Cause Fear        |       |       |       |       |       |       |       |       |     1 ||     1
Invok: Recall Ancestor   |       |       |     1 |     9 |     9 |     2 |     2 |     3 |    12 ||    38
       Ancestor Life: Kn |       |       |       |     1 |       |       |       |       |       ||     1
       Idealise          |       |       |       |       |    11 |     7 |    10 |    11 |     6 ||    45
       Transference      |       |       |       |       |     2 |       |     1 |       |       ||     3
       Ancestor Identity |       |       |       |       |       |     1 |       |       |       ||     1
Evoke: Wand              |       |       |       |    11 |     6 |       |     1 |     1 |       ||    19
       Phial of floods   |       |       |       |       |     2 |       |     1 |     1 |       ||     4
  Use: Scroll            |       |     3 |     9 |     6 |    19 |    10 |     3 |     6 |    11 ||    67
       Potion            |       |       |     6 |     1 |     4 |     9 |     4 |     1 |    14 ||    39
Armor: Leather armour    |    11 |    20 |    49 |    13 |       |       |       |       |       ||    93
       Robe              |       |       |       |    29 |    15 |     6 |    33 |    35 |    20 ||   138
       Chain mail        |       |       |       |       |    75 |       |       |       |       ||    75
       Troll leather arm |       |       |       |       |    44 |   100 |       |    10 |       ||   154
Dodge: Dodged            |    19 |    54 |   157 |   234 |   325 |   594 |   397 |   460 |   453 ||  2693
       Repelled          |       |       |       |       |       |     1 |       |       |       ||     1
Block: Buckler           |       |       |       |     2 |   130 |       |       |       |       ||   132

Table legend: (Time is in decaauts)
 A = Elapsed time spent in this place.
 B = Non-inter-level travel time spent in this place.
 C = Inter-level travel time spent in this place.
 D = Time resting spent in this place.
 E = Time spent auto-exploring this place.
 F = Levels seen in this place.
 G = Mean time per level.
                   A        B        C        D        E       F      G
               +--------+--------+--------+--------+--------+-----+--------+
         Total |  84919 |  76747 |   8172 |  11818 |  52838 |  56 | 1516.4 |
       Dungeon |  23883 |  19962 |   3921 |   2311 |  14810 |  15 | 1592.2 |
        Temple |     15 |      8 |      7 |      0 |      3 |   1 |   15.0 |
          Lair |   9708 |   8281 |   1427 |    616 |   6205 |   6 | 1618.0 |
        Shoals |   6002 |   5581 |    421 |    100 |   4866 |   4 | 1500.5 |
   Spider Nest |   4955 |   4615 |    340 |    844 |   2862 |   4 | 1238.8 |
    Slime Pits |   3103 |   3031 |     72 |   1033 |   1549 |   5 |  620.6 |
  Orcish Mines |   2378 |   2117 |    261 |    193 |   1563 |   2 | 1189.0 |
   Elven Halls |   5294 |   4779 |    515 |    581 |   3288 |   3 | 1764.7 |
        Vaults |  14145 |  13420 |    725 |   2996 |   8586 |   5 | 2829.0 |
         Crypt |   3805 |   3612 |    193 |    344 |   2633 |   3 | 1268.3 |
        Depths |   7499 |   7214 |    285 |   1983 |   4319 |   4 | 1874.8 |
        Bazaar |    364 |    364 |      0 |      0 |    223 |   1 |  364.0 |
        Bailey |   1946 |   1946 |      0 |    543 |    954 |   1 | 1946.0 |
       Volcano |    613 |    613 |      0 |    165 |    240 |   1 |  613.0 |
    Desolation |   1204 |   1204 |      0 |    107 |    732 |   1 | 1204.0 |
               +--------+--------+--------+--------+--------+-----+--------+

Top non-repeatable levels by time:
Vaults:4: 5039 daAuts
Depths:2: 3008 daAuts
Vaults:2: 2654 daAuts
    D:11: 2532 daAuts
     D:5: 2519 daAuts
   Elf:3: 2478 daAuts
Vaults:3: 2295 daAuts
Vaults:5: 2287 daAuts
  Lair:1: 2177 daAuts
    D:13: 2164 daAuts
     D:4: 2087 daAuts
  Bailey: 1946 daAuts
     D:9: 1922 daAuts
Depths:3: 1914 daAuts
  Lair:2: 1904 daAuts
